 Dungeon Crawl Stone Soup version 0.22-a0-305-gd21a89c538 (webtiles) character file.

193 EnegeticOcto the Skirmisher (level 5, 0/50 HPs)
             Began as a Hill Orc Fighter on Mar 30, 2018.
             Killed by nerve-wracking pain
             ... invoked by Grinder
              (11 damage)
             ... on level 3 of the Dungeon.
             The game lasted 00:03:15 (2369 turns).

EnegeticOcto the Skirmisher (Hill Orc Fighter)      Turns: 2369, Time: 00:03:15

Health: 0/50       AC:  7    Str: 24    XL:     5   Next: 72%
Magic:  14/14      EV:  7    Int:  8    God:
Gold:   92         SH:  9    Dex: 11    Spells: 4/4 levels left

rFire    . . .     SeeInvis .   a - +0 war axe
rCold    . . .     Gourm    .   c - +0 shield
rNeg     . . .     Faith    +   b - +0 scale mail
rPois    .         Spirit   .   (no helmet)
rElec    .         Reflect  .   (no cloak)
rCorr    .         Harm     .   (no gloves)
MR       .....                  q - +0 pair of boots
Stlth    +.........             p - amulet of faith
HPRegen  0.16/turn              n - ring of stealth
MPRegen  0.14/turn              s - ring of magical power

@: mighty, drained
A: no striking features
a: no special abilities


You were on level 3 of the Dungeon.
You were not hungry.

You visited 1 branch of the dungeon, and saw 4 of its levels.

You collected 92 gold pieces.

Inventory:

Hand Weapons
 a - a +0 war axe (weapon)
Missiles
 k - 2 javelins (quivered)
Armour
 b - a +0 scale mail (worn)
 c - a +0 shield (worn)
 q - a +0 pair of boots (worn)
Jewellery
 n - a ring of stealth (left hand)
 p - an amulet of faith (around neck)
 s - a ring of magical power (right hand)
Scrolls
 e - 2 scrolls of fear {unknown}
 h - a scroll of immolation {unknown}
 i - a scroll of magic mapping {unknown}
 l - a scroll of teleportation {unknown}
 m - 5 scrolls of remove curse {unknown}
 t - 2 scrolls of identify {unknown}
Potions
 d - a potion of might
 j - 2 potions of heal wounds {unknown}
 o - a potion of agility {unknown}
 r - 2 potions of cancellation {unknown}
Comestibles
 f - 2 rations


   Skills:
 + Level 5.8(5.4) Fighting
 + Level 5.7(5.2) Axes
 - Level 3.2(2.8) Armour
 - Level 3.2(2.8) Shields


You had 4 spell levels left.
You didn't know any spells.

Dungeon Overview and Level Annotations

Branches:
Dungeon (4/15)
 Temple: D:4-7

Altars:
Xom

Annotations:
D:3 Grinder
D:4 EnegeticOcto's ghost, amateur HOFi; Menkaure


Message History

Grinder gestures at you. Pain shoots through your body!
You are too injured to fight recklessly!
You are too injured to fight recklessly!
You block Grinder's attack.
You closely miss Grinder.
Grinder is moderately wounded.
You block Grinder's attack.
You barely miss Grinder.
Grinder is moderately wounded.
You block Grinder's attack.
You barely miss Grinder.
Grinder is moderately wounded.
Grinder hits you.
* * * LOW HITPOINT WARNING * * *
You writhe in agony.
* * * LOW HITPOINT WARNING * * *
Grinder gestures at you. Pain shoots through your body!
You die...

.......# # .......###### #
.......##...# # #.....###...##
# #......##....## #
........#.....#### #
........#...#....### #
..........#.##.....## #
#.....##.......5@...## #
##...#######.#.##.†>.#########
# ##### #.................## #
###...###..........# #
#.#.###..######..###
#.#...##....####...#
#..##....##..#####.#
##.####...##.....#.^ #.#
#.#......#...#


You could see Grinder.

Vanquished Creatures
  A hound (D:4)
  Natasha (D:3)
  5 adders
  A worm (D:3)
  A dart slug (D:1)
  6 leopard geckos
  15 bats
  3 giant cockroaches
  15 goblins
  5 hobgoblins
  3 jackals (D:1)
  13 kobolds
  A quokka (D:3)
  3 ball pythons
  4 frilled lizards
  9 rats
86 creatures vanquished.

Notes
Turn   | Place    | Note
-------+----------+-------------------------------------------
     0 | D:1      | EnegeticOcto the Hill Orc Fighter began the quest for the Orb.
     0 | D:1      | Reached XP level 1. HP: 19/19 MP: 1/1
   156 | D:1      | Reached XP level 2. HP: 24/27 MP: 2/2
   400 | D:1      | Reached XP level 3. HP: 33/34 MP: 3/3
   822 | D:2      | Reached XP level 4. HP: 27/41 MP: 4/4
  1048 | D:2      | Reached skill level 5 in Fighting
  1414 | D:3      | Found a shimmering altar of Xom.
  1415 | D:3      | Found a shimmering altar of Xom.
  1416 | D:3      | Found a shimmering altar of Xom.
  1425 | D:3      | Found a shimmering altar of Xom.
  1432 | D:3      | Found a shimmering altar of Xom.
  1498 | D:3      | Reached skill level 5 in Axes
  1790 | D:3      | Reached XP level 5. HP: 46/48 MP: 5/5
  1872 | D:3      | Found a shimmering altar of Xom.
  2037 | D:4      | Noticed a phantom
  2047 | D:4      | Noticed Menkaure
  2059 | D:4      | Noticed EnegeticOcto's ghost (amateur HOFi)
  2356 | D:4      | Noticed Grinder
  2356 | D:4      | Noticed Natasha
  2362 | D:3      | Killed Natasha
  2369 | D:3      | Killed from afar by Grinder

Vault maps used:
D:1:      scummos_arrival_hexagon, minivault_4
D:3:      xom_redecorated, minmay_checkerbox
D:4:      first_ration, minmay_misc_feat_x, uniq_grinder, uniq_menkaure,
          uniq_natasha

Skill      XL: |  1  2  3  4 |
---------------+-------------+-----
Axes           | 3 4 5 |  5.7
Fighting       | 4 5 |  5.8
Armour         | |  3.2
Shields        | |  3.2

Action                   |  1- 3 |  4- 6 || total
-------------------------+-------+-------++-------
Melee: War axe           |   134 |   140 ||   274
  Use: Potion            |       |     1 ||     1
  Eat: Chunk             |       |     4 ||     4
       Ration            |       |     1 ||     1
Armor: Scale mail        |    84 |    86 ||   170
Dodge: Dodged            |    57 |    33 ||    90
Block: Shield            |    80 |    95 ||   175

Table legend:
 A = Spawn XP
 B = Non-spawn XP
 C = Spawn XP percentage of total XP
 D = Spawn monster count
 E = Non-spawn monster count
 F = Spawn count percentage of total count
 G = Total turns spent on level
                    A         B        C        D         E        F      G
               +---------+---------+-------+---------+---------+-------+---------
         Total |       0 |     277 |   0.0 |       0 |      86 |   0.0 |  2369
               +---------+---------+-------+---------+---------+-------+---------
           D:1 |       0 |      49 |   0.0 |       0 |      32 |   0.0 |   676
           D:2 |       0 |      65 |   0.0 |       0 |      23 |   0.0 |   561
           D:3 |       0 |      97 |   0.0 |       0 |      28 |   0.0 |  1102
           D:4 |       0 |      66 |   0.0 |       0 |       3 |   0.0 |    30
               +---------+---------+-------+---------+---------+-------+---------
